[ AOE2 MATCH · #508033748 ]
UnrankedIncas vs Malay
Player's team · WIN
Rival team · LOSS
[ REPLAY ANALYSIS · EXTRACTED FROM THE RECORDED GAME ]
Feudal
11:25
Castle
22:22
Imperial
38:01
| APM avg | 63.3 |
| APM peak | 115 |
| eAPM avg | 28.0 |
| Villagers / military | 111 / 87 |
Focus
⚔️ 43.7% · 🌾 56.3%
Skirmisher ×50 · Unknown (2550) ×39 · Kamayuk ×22 · Trebuchet (Packed) ×8 · Mangonel ×4 · Monk ×3
Feudal
10:40
Castle
20:25
Imperial
38:46
| APM avg | 50.1 |
| APM peak | 83 |
| eAPM avg | 27.2 |
| Villagers / military | 185 / 114 |
Focus
⚔️ 45.3% · 🌾 54.7%
Archer ×64 · Karambit Warrior ×29 · Militia ×5 · Mangonel ×5 · Skirmisher ×5 · Trebuchet (Packed) ×3
Match map
Initial resources + every placement click. Lines = walls · curves = elevation contours. ◆ gold · ⬟ stone · ● berries · ✦ relic · ◌ wall gap
Your base· Open — unwalled flank
Ronnie Hotdogs's base· Open — 4t gap
Smoothed initial terrain · ◌ = detected wall gap · hover for details
Inputs per minute
— TdB.holland89 - - Ronnie Hotdogs
Build order — TdB.holland89
First 150 of 413 actions detected
| 0:00 | Create | Villager (Male) |
| 0:01 | Create | Villager (Male) |
| 0:02 | Build | House |
| 0:02 | Build | House |
| 0:42 | Create | Villager (Male) |
| 0:43 | Create | Villager (Male) |
| 0:43 | Create | Villager (Male) |
| 1:32 | Create | Villager (Male) |
| 1:32 | Create | Villager (Male) |
| 1:56 | Build | Settlement |
| 2:03 | Create | Villager (Male) |
| 2:03 | Create | Villager (Male) |
| 2:44 | Create | Villager (Male) |
| 3:12 | Create | Villager (Male) |
| 3:39 | Create | Villager (Male) |
| 3:39 | Create | Villager (Male) |
| 3:59 | Create | Villager (Male) |
| 4:31 | Create | Villager (Male) |
| 4:31 | Create | Villager (Male) |
| 4:38 | Build | Barracks |
| 4:54 | Create | Villager (Male) |
| 5:23 | Create | Villager (Male) |
| 5:33 | Create | Unit 2550 |
| 5:33 | Create | Unit 2550 |
| 5:33 | Create | Unit 2550 |
| 5:40 | Create | Unit 2550 |
| 6:14 | Create | Villager (Male) |
| 6:32 | Create | Villager (Male) |
| 6:34 | Create | Unit 2550 |
| 6:48 | Build | Settlement |
| 7:09 | Create | Villager (Male) |
| 7:28 | Build | Settlement |
| 7:31 | Create | Villager (Male) |
| 7:31 | Create | Villager (Male) |
| 7:51 | Create | Unit 2550 |
| 8:05 | Create | Unit 2550 |
| 8:08 | Build | Palisade Wall |
| 8:09 | Build | Palisade Wall |
| 8:09 | Build | Palisade Wall |
| 8:12 | Build | Palisade Wall |
| 8:15 | Build | Palisade Wall |
| 8:16 | Create | Villager (Male) |
| 8:32 | Research | Loom |
| 8:44 | Build | Palisade Wall |
| 8:49 | Build | Palisade Wall |
| 8:50 | Build | Palisade Wall |
| 8:51 | Build | Palisade Wall |
| 8:51 | Build | Palisade Wall |
| 8:52 | Build | Palisade Wall |
| 8:52 | Build | Palisade Wall |
| 9:15 | Research | Feudal Age |
| 9:24 | Create | Unit 2550 |
| 9:51 | Create | Unit 2550 |
| 10:15 | Create | Unit 2550 |
| 10:30 | Build | Barracks |
| 10:38 | Create | Unit 2550 |
| 10:59 | Build | Farm |
| 11:00 | Build | Farm |
| 11:16 | Create | Unit 2550 |
| 11:16 | Create | Unit 2550 |
| 11:25 | Age | Feudal Age |
| 11:28 | Research | Tech 1402 |
| 11:41 | Create | Villager (Male) |
| 11:43 | Build | Blacksmith |
| 12:02 | Build | Farm |
| 12:02 | Create | Villager (Male) |
| 12:14 | Build | Palisade Wall |
| 12:20 | Build | Farm |
| 12:23 | Create | Villager (Male) |
| 12:29 | Research | Forging |
| 12:43 | Build | Farm |
| 12:45 | Build | Farm |
| 13:04 | Create | Villager (Male) |
| 13:08 | Build | Farm |
| 13:09 | Build | Farm |
| 13:12 | Create | Villager (Male) |
| 13:18 | Create | Villager (Male) |
| 13:38 | Create | Villager (Male) |
| 14:04 | Build | Settlement |
| 14:12 | Create | Villager (Male) |
| 14:20 | Research | Arson |
| 14:21 | Create | Villager (Male) |
| 14:28 | Build | Outpost |
| 14:40 | Build | Outpost |
| 14:49 | Research | Scale Mail Armor |
| 15:04 | Build | Archery Range |
| 15:08 | Research | Town Watch |
| 15:22 | Build | Farm |
| 15:30 | Build | Farm |
| 15:43 | Create | Villager (Male) |
| 15:50 | Build | Blacksmith |
| 16:02 | Create | Skirmisher |
| 16:11 | Create | Villager (Male) |
| 16:14 | Build | Farm |
| 16:29 | Create | Skirmisher |
| 16:30 | Create | Villager (Male) |
| 16:35 | Build | Farm |
| 16:41 | Research | Padded Archer Armor |
| 16:43 | Research | Fletching |
| 16:44 | Research | Padded Archer Armor |
| 16:46 | Create | Skirmisher |
| 16:57 | Build | Farm |
| 17:14 | Create | Villager (Male) |
| 17:21 | Build | Farm |
| 17:25 | Create | Villager (Male) |
| 17:37 | Build | Outpost |
| 17:39 | Build | Outpost |
| 17:46 | Build | Outpost |
| 17:49 | Create | Villager (Male) |
| 17:55 | Build | Farm |
| 17:58 | Build | Farm |
| 18:01 | Build | Farm |
| 18:12 | Research | Double-Bit Axe |
| 18:13 | Research | Double-Bit Axe |
| 18:22 | Create | Skirmisher |
| 18:26 | Build | Outpost |
| 18:38 | Build | Outpost |
| 18:42 | Build | Outpost |
| 18:43 | Create | Villager (Male) |
| 18:44 | Create | Skirmisher |
| 18:50 | Build | Farm |
| 18:54 | Build | Farm |
| 19:14 | Build | Outpost |
| 19:24 | Build | Outpost |
| 19:27 | Build | Outpost |
| 19:42 | Research | Castle Age |
| 19:43 | Research | Castle Age |
| 19:45 | Create | Skirmisher |
| 19:55 | Build | Market |
| 20:00 | Create | Skirmisher |
| 20:15 | Research | Town Watch |
| 20:23 | Research | Fletching |
| 20:23 | Research | Fletching |
| 20:24 | Create | Skirmisher |
| 20:32 | Build | Watch Tower |
| 20:39 | Build | House |
| 20:40 | Build | Palisade Wall |
| 20:43 | Build | Palisade Wall |
| 20:47 | Build | Palisade Wall |
| 20:48 | Build | Palisade Wall |
| 21:05 | Create | Skirmisher |
| 21:13 | Research | Padded Archer Armor |
| 21:18 | Create | Skirmisher |
| 21:18 | Create | Skirmisher |
| 21:18 | Create | Skirmisher |
| 21:46 | Create | Skirmisher |
| 22:19 | Build | House |
| 22:20 | Build | Palisade Wall |
| 22:22 | Age | Castle Age |
| 22:24 | Build | Palisade Wall |
Build order — Ronnie Hotdogs
First 150 of 499 actions detected
| 0:00 | Create | Villager (Male) |
| 0:03 | Build | House |
| 0:04 | Build | House |
| 0:09 | Create | Villager (Male) |
| 0:10 | Create | Villager (Male) |
| 0:10 | Create | Villager (Male) |
| 1:32 | Create | Villager (Male) |
| 1:47 | Build | Lumber Camp |
| 1:54 | Create | Villager (Male) |
| 2:25 | Create | Villager (Male) |
| 2:39 | Create | Villager (Male) |
| 3:09 | Create | Villager (Male) |
| 3:32 | Create | Villager (Male) |
| 3:59 | Build | House |
| 4:02 | Create | Villager (Male) |
| 4:19 | Create | Villager (Male) |
| 4:38 | Build | Barracks |
| 4:41 | Create | Villager (Male) |
| 4:56 | Build | House |
| 5:01 | Create | Villager (Male) |
| 5:30 | Create | Militia |
| 5:37 | Create | Villager (Male) |
| 5:46 | Build | House |
| 5:56 | Create | Militia |
| 6:07 | Create | Militia |
| 6:09 | Create | Villager (Male) |
| 6:17 | Create | Militia |
| 6:31 | Create | Villager (Male) |
| 6:38 | Create | Militia |
| 6:41 | Build | Mill |
| 7:05 | Create | Villager (Male) |
| 7:27 | Create | Villager (Male) |
| 7:36 | Build | Farm |
| 7:40 | Create | Villager (Male) |
| 8:02 | Create | Villager (Male) |
| 8:05 | Build | Farm |
| 8:12 | Build | Farm |
| 8:33 | Build | House |
| 8:45 | Research | Loom |
| 9:00 | Build | Farm |
| 9:23 | Research | Feudal Age |
| 9:25 | Build | Mining Camp |
| 9:40 | Build | House |
| 9:51 | Build | House |
| 10:05 | Create | Villager (Male) |
| 10:40 | Age | Feudal Age |
| 10:41 | Research | Man-at-Arms (upgrade) |
| 10:47 | Create | Villager (Male) |
| 10:59 | Research | Double-Bit Axe |
| 11:14 | Create | Villager (Male) |
| 11:20 | Build | Farm |
| 11:25 | Create | Villager (Male) |
| 11:35 | Build | Farm |
| 11:36 | Create | Villager (Male) |
| 11:44 | Build | Archery Range |
| 11:57 | Create | Villager (Male) |
| 12:05 | Create | Villager (Male) |
| 12:16 | Create | Villager (Male) |
| 12:21 | Build | Palisade Wall |
| 12:22 | Create | Archer |
| 12:25 | Build | House |
| 12:26 | Build | House |
| 12:30 | Create | Villager (Male) |
| 12:35 | Build | Farm |
| 12:38 | Research | Town Watch |
| 13:02 | Create | Archer |
| 13:08 | Build | Blacksmith |
| 13:08 | Create | Villager (Male) |
| 13:13 | Build | Palisade Wall |
| 13:17 | Build | House |
| 13:18 | Build | Palisade Wall |
| 13:22 | Create | Villager (Male) |
| 13:27 | Build | Watch Tower |
| 13:37 | Build | Farm |
| 13:40 | Create | Archer |
| 13:49 | Create | Archer |
| 13:56 | Research | Fletching |
| 13:58 | Create | Villager (Male) |
| 14:02 | Build | Farm |
| 14:05 | Create | Archer |
| 14:14 | Build | Palisade Wall |
| 14:20 | Build | Palisade Wall |
| 14:26 | Build | House |
| 14:27 | Create | Villager (Male) |
| 14:38 | Build | Farm |
| 14:38 | Create | Villager (Male) |
| 14:49 | Create | Villager (Male) |
| 14:50 | Create | Archer |
| 14:59 | Create | Villager (Male) |
| 15:09 | Build | House |
| 15:11 | Build | Palisade Wall |
| 15:15 | Create | Archer |
| 15:28 | Build | Stone Wall |
| 15:29 | Build | Stone Wall |
| 15:31 | Build | Stone Wall |
| 15:31 | Create | Villager (Male) |
| 15:42 | Create | Villager (Male) |
| 15:47 | Create | Archer |
| 16:03 | Build | Mining Camp |
| 16:13 | Create | Villager (Male) |
| 16:19 | Build | Farm |
| 16:35 | Build | Farm |
| 16:53 | Build | Stone Wall |
| 16:56 | Build | Farm |
| 17:00 | Create | Archer |
| 17:09 | Create | Villager (Male) |
| 17:21 | Build | Stone Wall |
| 17:25 | Create | Archer |
| 17:40 | Build | Farm |
| 17:44 | Build | Farm |
| 17:45 | Build | Farm |
| 17:49 | Create | Villager (Male) |
| 17:56 | Create | Archer |
| 18:34 | Create | Archer |
| 18:37 | Build | Farm |
| 18:49 | Research | Castle Age |
| 18:55 | Build | Lumber Camp |
| 19:07 | Build | Stone Wall |
| 19:09 | Create | Archer |
| 19:30 | Research | Padded Archer Armor |
| 19:37 | Create | Archer |
| 19:42 | Create | Villager (Male) |
| 19:58 | Create | Archer |
| 20:25 | Age | Castle Age |
| 20:25 | Research | Crossbowman (upgrade) |
| 20:35 | Build | Town Center |
| 20:42 | Research | Bodkin Arrow |
| 20:59 | Build | Gate |
| 21:06 | Create | Villager (Male) |
| 21:09 | Build | Farm |
| 21:20 | Build | Palisade Wall |
| 21:27 | Create | Villager (Male) |
| 21:34 | Build | Farm |
| 21:51 | Create | Villager (Male) |
| 22:05 | Create | Villager (Male) |
| 22:09 | Create | Villager (Male) |
| 22:19 | Create | Archer |
| 22:20 | Create | Villager (Male) |
| 22:22 | Create | Villager (Male) |
| 22:24 | Build | Market |
| 22:32 | Create | Archer |
| 22:32 | Create | Archer |
| 22:40 | Create | Villager (Male) |
| 22:47 | Create | Villager (Male) |
| 22:55 | Build | Siege Workshop |
| 22:59 | Build | House |
| 23:00 | Create | Villager (Male) |
| 23:02 | Build | House |
| 23:08 | Build | Stone Wall |
| 23:14 | Create | Archer |
Match timeline
| 4:38 | Ronnie Hotdogs · first_building Barracks |
| 4:38 | TdB.holland89 · first_building Barracks |
| 8:08 | TdB.holland89 · wall_segment Palisade Wall x1 |
| 8:09 | TdB.holland89 · wall_segment Palisade Wall x1 |
| 8:09 | TdB.holland89 · wall_segment Palisade Wall x1 |
| 8:12 | TdB.holland89 · wall_segment Palisade Wall x1 |
| 8:15 | TdB.holland89 · wall_segment Palisade Wall x1 |
| 8:44 | TdB.holland89 · wall_segment Palisade Wall x2 |
| 8:49 | TdB.holland89 · wall_segment Palisade Wall x1 |
| 8:50 | TdB.holland89 · wall_segment Palisade Wall x1 |
| 8:51 | TdB.holland89 · wall_segment Palisade Wall x1 |
| 8:51 | TdB.holland89 · wall_segment Palisade Wall x1 |
| 8:52 | TdB.holland89 · wall_segment Palisade Wall x1 |
| 8:52 | TdB.holland89 · wall_segment Palisade Wall x1 |
| 10:40 | Ronnie Hotdogs · age_up feudal |
| 11:25 | TdB.holland89 · age_up feudal |
| 11:44 | Ronnie Hotdogs · first_building Archery Range |
| 12:14 | TdB.holland89 · wall_segment Palisade Wall x1 |
| 12:21 | Ronnie Hotdogs · wall_segment Palisade Wall x10 |
| 13:13 | Ronnie Hotdogs · wall_segment Palisade Wall x9 |
| 13:18 | Ronnie Hotdogs · wall_segment Palisade Wall x1 |
| 14:14 | Ronnie Hotdogs · wall_segment Palisade Wall x9 |
| 14:20 | Ronnie Hotdogs · wall_segment Palisade Wall x9 |
| 15:04 | TdB.holland89 · first_building Archery Range |
| 15:11 | Ronnie Hotdogs · wall_segment Palisade Wall x16 |
| 15:28 | Ronnie Hotdogs · wall_segment Stone Wall x1 |
| 15:29 | Ronnie Hotdogs · wall_segment Stone Wall x1 |
| 15:31 | Ronnie Hotdogs · wall_segment Stone Wall x5 |
| 16:53 | Ronnie Hotdogs · wall_segment Stone Wall x10 |
| 17:21 | Ronnie Hotdogs · wall_segment Stone Wall x4 |
| 19:07 | Ronnie Hotdogs · wall_segment Stone Wall x4 |
| 20:25 | Ronnie Hotdogs · age_up castle |
| 20:40 | TdB.holland89 · wall_segment Palisade Wall x2 |
| 20:43 | TdB.holland89 · wall_segment Palisade Wall x11 |
| 20:47 | TdB.holland89 · wall_segment Palisade Wall x1 |
| 20:48 | TdB.holland89 · wall_segment Palisade Wall x1 |
| 21:20 | Ronnie Hotdogs · wall_segment Palisade Wall x1 |
| 22:20 | TdB.holland89 · wall_segment Palisade Wall x1 |
| 22:22 | TdB.holland89 · age_up castle |
| 22:24 | TdB.holland89 · wall_segment Palisade Wall x3 |
| 22:29 | TdB.holland89 · first_market_buy 100 wood |
| 22:55 | Ronnie Hotdogs · first_building Siege Workshop |
| 23:00 | TdB.holland89 · first_market_sell 100 food |
| 23:08 | Ronnie Hotdogs · wall_segment Stone Wall x4 |
| 23:32 | Ronnie Hotdogs · first_market_buy 100 food |
| 23:42 | Ronnie Hotdogs · wall_segment Stone Wall x4 |
| 23:45 | Ronnie Hotdogs · wall_segment Stone Wall x9 |
| 24:12 | Ronnie Hotdogs · wall_segment Stone Wall x3 |
| 24:56 | Ronnie Hotdogs · wall_segment Stone Wall x1 |
| 24:58 | Ronnie Hotdogs · wall_segment Stone Wall x1 |
| 24:59 | Ronnie Hotdogs · wall_segment Stone Wall x1 |
| 25:00 | Ronnie Hotdogs · wall_segment Stone Wall x1 |
| 26:04 | TdB.holland89 · first_building Siege Workshop |
| 28:27 | TdB.holland89 · first_building Monastery |
| 29:30 | Ronnie Hotdogs · first_market_sell 100 food |
| 29:35 | Ronnie Hotdogs · first_building Castle |
| 34:35 | Ronnie Hotdogs · first_building Stable |
| 35:02 | TdB.holland89 · first_building Castle |
| 35:18 | Ronnie Hotdogs · wall_segment Stone Wall x1 |
| 35:18 | Ronnie Hotdogs · wall_segment Stone Wall x1 |
| 36:59 | Ronnie Hotdogs · wall_segment Stone Wall x2 |
| 38:01 | TdB.holland89 · age_up imperial |
| 38:46 | Ronnie Hotdogs · age_up imperial |
| 39:53 | Ronnie Hotdogs · wall_segment Stone Wall x1 |
| 45:16 | Ronnie Hotdogs · resign |
[ AI ANALYSIS · 1 CREDIT ]
What really happened in this match?
Wolo.gg analyzes every decision: build order, eco, micro, common mistakes by bracket. Personalized analysis on WhatsApp or Discord in 30 seconds.
Civ guide
Incas
Perfil
Jugador #236788